 Dungeon Crawl Stone Soup version 0.19.1-1-g22dce08 (webtiles) character file.

64 Peloso the Skirmisher (level 4, -4/38 HPs)
             Began as a Ghoul Fighter on Jan 2, 2017.
             Slain by a worm (6 damage)
             ... on level 2 of the Dungeon.
             The game lasted 00:02:05 (1237 turns).

Peloso the Skirmisher (Ghoul Fighter)               Turns: 1237, Time: 00:02:06

Health: -4/38      AC:  6    Str: 19    XL:     4   Next: 12%
Magic:  3/3        EV:  7    Int:  3    God:
Gold:   60         SH:  9    Dex:  9    Spells: 0 memorised, 3 levels left

rFire  . . .     SeeInvis .     a - +0 long sword
rCold  + . .     Gourm    .     b - +0 scale mail
rNeg   + + +     Faith    .     c - +0 shield
rPois  ∞         Spirit   .     (no helmet)
rElec  .         Reflect  .     (no cloak)
rCorr  .         Harm     .     (no gloves)
MR     .....                    (no boots)
Stlth  ..........               (no amulet)
                                (no ring)
                                (no ring)

@: rotting
A: rotting body, claws 1, carnivore 3, cold resistance 1, negative energy
resistance 3, slow regeneration 1, torment resistance, unbreathing
a: no special abilities


You were on level 2 of the Dungeon.
You were not hungry.

You visited 1 branch of the dungeon, and saw 2 of its levels.

You collected 60 gold pieces.

Inventory:

Hand Weapons
 a - a +0 long sword (weapon)
 k - a cursed -1 short sword
Armour
 b - a +0 scale mail (worn)
 c - a +0 shield (worn)
Scrolls
 g - a scroll of fear {unknown}
 l - a scroll of noise {unknown}
 n - a scroll of fog {unknown}
Potions
 d - a potion of might
 e - 2 potions of curing {unknown}
 h - a potion of degeneration {unknown}
 i - a potion of beneficial mutation {unknown}
 j - a potion of experience {unknown}
 m - a potion of agility {unknown}
Comestibles
 f - 2 meat rations


   Skills:
 + Level 3.4 Fighting
 + Level 2.3 Long Blades
 + Level 3.3 Armour
 + Level 0.5 Dodging
 + Level 0.2 Stealth
 + Level 3.3 Shields


You had 3 spell levels left.
You didn't know any spells.

Dungeon Overview and Level Annotations

Branches:
Dungeon (2/15)

Altars:


Innate Abilities, Weirdness & Mutations

Your body is rotting away.
You thrive on raw meat.
You are immune to poison.
You have sharp fingernails.
You are carnivorous and can eat meat at any time.
Your flesh is cold resistant. (rC+)
You are immune to negative energy. (rN+++)
You regenerate slowly when monsters are visible.
You are immune to unholy pain and torment.
You can survive without breathing.


Message History

You hit the worm but do no damage. The worm barely misses you.
You hit the worm but do no damage. The worm bites you.
You hit the worm.
The worm is moderately wounded.
The worm bites you!
* * * LOW HITPOINT WARNING * * *
You slash the worm!
The worm is heavily wounded.
The worm bites you.
* * * LOW HITPOINT WARNING * * *
You hit the worm but do no damage.
The worm is heavily wounded.
The worm bites you!
* * * LOW HITPOINT WARNING * * *
You hit the worm.
The worm is severely wounded.
You barely miss the worm.
The worm is severely wounded.
The worm bites you.
You die...

#.####.##### ...#
#..........# ...#
##.#.#..##.####...###
.#.#..#....[.......
#....>............
#.##.#............
...
......##.##......##
..#
###.......##.#....#
..# #.########@#....#
..#####. #w# ...#
.....# #.........#
.....# #.##......#
.....# @. .#######
....## #.# ? ...... #
.. ....# .. ...## ...


You could see a worm.

Vanquished Creatures
  Terence (D:2)
  2 oozes (D:1)
  A leopard gecko (D:1)
  2 ball pythons (D:1)
  2 bats (D:1)
  3 giant cockroaches (D:1)
  A hobgoblin (D:1)
  2 kobolds (D:1)
  3 frilled lizards (D:1)
  6 goblins (D:1)
  9 rats (D:1)
32 creatures vanquished.

Notes
Turn   | Place    | Note
-------+----------+-------------------------------------------
     0 | D:1      | Peloso the Ghoul Fighter began the quest for the Orb.
     0 | D:1      | Reached XP level 1. HP: 19/19 MP: 0/0
    96 | D:1      | Reached XP level 2. HP: 23/26 MP: 1/1
   391 | D:1      | Reached XP level 3. HP: 31/31 MP: 2/2
  1204 | D:2      | Noticed Terence
  1227 | D:2      | Killed Terence
  1227 | D:2      | Reached XP level 4. HP: 30/38 MP: 3/3
  1237 | D:2      | Slain by a worm

Skill      XL: |  1  2 |
---------------+-------+-----
Shields        | 3 |  3.3
Long Blades    | 2 |  2.3
Armour         | 3 |  3.3
Fighting       | |  3.4
Dodging        | |  0.5
Stealth        | |  0.2

Action                   |  1- 3 |  4- 6 || total
-------------------------+-------+-------++-------
Melee: Long sword        |   120 |     9 ||   129
  Eat: Chunk             |     4 |       ||     4
Armor: Scale mail        |    43 |       ||    43
Dodge: Dodged            |    44 |     1 ||    45
Block: Shield            |    62 |       ||    62
       Rpst.: Long sword |    17 |       ||    17
